 Dungeon Crawl Stone Soup version 0.27.1 (webtiles) character file.

Game seed: 5301136201772393838

137 Atelerd the Stinger (level 5, -2/31 HPs)
             Began as an Octopode Venom Mage on Aug 27, 2021.
             Slain by a scorpion zombie (5 damage)
             ... on level 3 of the Dungeon.
             The game lasted 00:04:46 (3974 turns).

Atelerd the Stinger (Octopode Venom Mage)           Turns: 3974, Time: 00:04:47

Health: -2/31      AC:  1    Str:  8    XL:     5   Next: 20%
Magic:  3/9        EV: 13    Int: 18    God:
Gold:   54         SH:  0    Dex: 12    Spells: 5/9 levels left

rFire    . . .     SeeInvis .   e - +0 dagger
rCold    . . .     Faith    .   (no shield)
rNeg     . . .     Spirit   .   (helmet restricted)
rPois    .         Reflect  .   (no amulet)
rElec    .         Harm     .   (no ring)
rCorr    .         Rampage  .   (no ring)
Will     .....                  (no ring)
Stlth    +++.......             (no ring)
HPRegen  0.10/turn              (no ring)
MPRegen  0.11/turn              (no ring)
                                (no ring)
                                (no ring)

@: no status effects
A: almost no armour, amphibious, 8 rings, camouflage 1, gelatinous body 1,
(nimble swimmer 1), tentacles
a: no special abilities


You were on level 3 of the Dungeon.
You visited 1 branch of the dungeon, and saw 3 of its levels.

You collected 80 gold pieces.
You spent 26 gold pieces at shops.

Inventory:

Hand Weapons
 e - a +0 dagger (weapon)
Jewellery
 a - an amulet of faith
Scrolls
 b - a scroll of teleportation
 c - a scroll of silence {unknown}
 f - a scroll of fog {unknown}
 g - a scroll of identify
Potions
 d - a potion of degeneration {unknown}
 h - a potion of magic {unknown}
 i - a potion of might {unknown}


   Skills:
 - Level 2.0 Dodging
 + Level 4.0 Stealth
 + Level 2.7 Spellcasting
 + Level 1.2 Conjurations
 + Level 2.1 Transmutations
 + Level 1.2 Air Magic
 + Level 4.4 Poison Magic


You had 5 spell levels left.
You knew the following spells:

 Your Spells              Type           Power      Damage    Failure   Level
a - Sting                 Tmut/Pois      56%        1d5       4%          1
b - Mephitic Cloud        Conj/Pois/Air  10%        N/A       19%         3

Your spell library contained the following spells:

 Spells                   Type           Power      Damage    Failure   Level
 Poisonous Vapours        Pois/Air       24%        N/A       8%          2
 Olgreb's Toxic Radiance  Pois           18%        N/A       26%         4


Dungeon Overview and Level Annotations

Branches:
Dungeon (3/15)

Altars:

Shops:
D:1 ?:


Innate Abilities, Weirdness & Mutations

You cannot wear most types of armour.
You are amphibious.
You can wear up to eight rings at the same time.
Your skin changes colour to match your surroundings (Stealth+).
Your rubbery body absorbs attacks. (AC +1, EV +1)
((You are camouflaged near water. (Stealth+)))
You have tentacles for arms and can constrict up to eight enemies at once.


Message History

Casting: Sting (safe; 4% risk of failure)
Confirm with . or Enter, or press ? or * to list all spells.
Aiming: Sting (safe; 4% risk of failure)
Press: ? - help, Shift-Dir - straight line, f/p - scorpion zombie
Aim: a scorpion zombie (lightly damaged, 90% to hit)
The sting hits the scorpion zombie.
The scorpion zombie is lightly damaged.
The scorpion zombie hits you!
Casting: Sting (safe; 4% risk of failure)
Confirm with . or Enter, or press ? or * to list all spells.
Aiming: Sting (safe; 4% risk of failure)
Press: ? - help, Shift-Dir - straight line, f/p - scorpion zombie
Aim: a scorpion zombie (lightly damaged, 90% to hit)
The sting hits the scorpion zombie but does no damage.
The scorpion zombie is lightly damaged.
The scorpion zombie misses you.
You are too injured to fight recklessly!
You hit the scorpion zombie but do no damage.
Your grab misses the scorpion zombie. You squeeze the scorpion zombie.
The scorpion zombie is moderately damaged.
The scorpion zombie hits you.
You hit the scorpion zombie. You grab the scorpion zombie.
The scorpion zombie is moderately damaged.
You constrict the scorpion zombie. The scorpion zombie closely misses you.
You hit the scorpion zombie. You squeeze the scorpion zombie!
The scorpion zombie is severely damaged.
You constrict the scorpion zombie. The scorpion zombie hits you.
* * * LOW HITPOINT WARNING * * *
You hit the scorpion zombie but do no damage.
The scorpion zombie is severely damaged.
You constrict the scorpion zombie, but do no damage.
The scorpion zombie closely misses you.
You hit the scorpion zombie but do no damage.
The scorpion zombie is severely damaged.
You constrict the scorpion zombie. The scorpion zombie hits you.
* * * LOW HITPOINT WARNING * * *
You hit the scorpion zombie but do no damage.
The scorpion zombie is almost destroyed.
You constrict the scorpion zombie. The scorpion zombie hits you.
You die...

###### #.§..§§§# ###....#
#.§§.§..# ##......#
#..§§§§ #.(.....#
#.§§.§Z# ###.......#
#.§....# #.........#
#.##..## #.........#
##.##.###
#.........####........#
#.........#†@Z.#.####..
#...........####.#
#...........).##.#
#.........###†##.########
#.........# #............
#.........# ####.########
#.........# #.# #####
########### #.# #.... #.#
##<###


You could see a scorpion zombie.

Vanquished Creatures
  4 gnolls (D:2)
  3 adders (D:2)
  An adder zombie (D:3)
  A worm (D:2)
  4 endoplasms
  2 giant cockroaches (D:2)
  8 goblins
  4 hobgoblins
  7 jackals (D:1)
  7 kobolds
  4 quokkas
  3 ball pythons (D:1)
  8 bats
  6 frilled lizards
  3 rats
65 creatures vanquished.

Vanquished Creatures (others)
  A plant (D:2)
1 creature vanquished.

Grand Total: 66 creatures vanquished

Notes
Turn   | Place    | Note
-------+----------+-------------------------------------------
     0 | D:1      | Atelerd the Octopode Venom Mage began the quest for the
                  | Orb.
     0 | D:1      | Reached XP level 1. HP: 11/11 MP: 3/3
   457 | D:1      | Found Leuteuta's Book Shoppe.
   471 | D:1      | Reached XP level 2. HP: 11/17 MP: 0/5
   805 | D:1      | Found Peubbig's Magic Scroll Shoppe.
  1510 | D:1      | Reached XP level 3. HP: 18/21 MP: 4/6
  1514 | D:1      | Learned a level 3 spell: Mephitic Cloud
  2045 | D:1      | Bought a scroll of identify for 26 gold pieces
  2788 | D:2      | Reached XP level 4. HP: 19/27 MP: 2/7
  3089 | D:2      | Reached skill level 1 in Conjurations
  3089 | D:2      | Reached skill level 1 in Air Magic
  3417 | D:2      | Reached XP level 5. HP: 31/31 MP: 9/9
  3530 | D:2      | Found a faded altar of an unknown god.
  3974 | D:3      | Slain by a scorpion zombie

Illustrated notes

Levels and vault maps discovered:
D:1:      minmay_arrival_widening_spiral_wide, layout_basic, serial_shops, shop,
          shop_fountains, kennysheep_flooded_box, minivault_25,
          hangedman_abyss_or_decor_lesser_grid
D:2:      layout_basic, shapermc_ecumenical_altar_mp_ritualfount,
          minmay_ruptured
D:3:      layout_rooms, serial_undead, serial_undead_e, serial_undead_b,
          serial_undead_e, serial_undead_a, serial_undead_a, serial_undead_a,
          serial_undead_e, amcnicky_mini_pool_small, chequers_garden,
          uniq_jessica

Skill      XL: |  1  2  3  4  5 |
---------------+----------------+-----
Stealth        | 3 4 |  4.0
Poison Magic   | 4 |  4.4
Transmutations | 2 |  2.1
Conjurations   | 1 |  1.2
Air Magic      | 1 |  1.2
Dodging        | |  2.0
Spellcasting   | |  2.7

Action                   |  1- 3 |  4- 6 || total
-------------------------+-------+-------++-------
Melee: Unarmed           |    68 |       ||    68
       Constrict         |    23 |    10 ||    33
       Tentacles         |    14 |     9 ||    23
       Dagger            |    20 |    41 ||    61
 Cast: Sting             |    41 |    36 ||    77
  Use: Scroll            |     1 |       ||     1
 Stab: Sleeping          |    10 |     3 ||    13
Armor: Skin              |     8 |     3 ||    11
Dodge: Dodged            |    60 |    44 ||   104
